 Dungeon Crawl Stone Soup version 0.25-a0-302-g9f758675c1 (webtiles) character file.

Game seed: 2071391347107530337, levelgen mode: deterministic

1085 DerDa the Magician (level 8, -7/41 HPs)
             Began as an Octopode Fire Elementalist on Dec 20, 2019.
             Was a Follower of Sif Muna.
             Shot with an arrow by a centaur (12 damage)
             ... on level 5 of the Dungeon.
             The game lasted 00:19:42 (3619 turns).

DerDa the Magician (Octopode Fire Elementalist)     Turns: 3619, Time: 00:19:42

Health: -7/41      AC:  1    Str:  6    XL:     8   Next: 30%
Magic:  15/17      EV: 13    Int: 19    God:    Sif Muna [*.....]
Gold:   147        SH:  0    Dex: 12    Spells: 18/19 levels left

rFire    . . .     SeeInvis .   t - +1 falchion (venom)
rCold    . . .     Gourm    .   (no shield)
rNeg     . . .     Faith    .   (helmet restricted)
rPois    .         Spirit   .   c - amulet of regeneration
rElec    .         Reflect  .   (no ring)
rCorr    .         Harm     .   (no ring)
MR       .....     Clarity  +   (no ring)
Stlth    +++.......             (no ring)
HPRegen  0.53/turn              (no ring)
MPRegen  0.15/turn              (no ring)
                                (no ring)
                                (no ring)

@: no status effects
A: almost no armour, stealthy swim, amphibious, 8 rings, constrict 8, camouflage
1, clarity, frail 1, weak 1, gelatinous body 1
a: Channel Magic, Renounce Religion


You were on level 5 of the Dungeon.
You worshipped Sif Muna.
Sif Muna was aware of your devotion.
You were not hungry.

You visited 2 branches of the dungeon, and saw 6 of its levels.

You collected 147 gold pieces.

Inventory:

Hand Weapons
 e - a +0 whip
 f - a +0 short sword
 t - a +1 falchion of venom (weapon)
Missiles
 a - 212 stones (quivered)
 j - 17 sling bullets
 r - 6 poisoned darts
 u - 7 javelins
Magical Staves
 x - an uncursed staff of fire {unknown}
Jewellery
 c - an amulet of regeneration (around mantle)
 g - a cursed amulet of inaccuracy {unknown}
 y - an uncursed ring of wizardry {unknown}
Scrolls
 h - 3 scrolls of remove curse {unknown}
 l - a scroll of fear {unknown}
 m - 5 scrolls of identify {unknown}
 n - a scroll of fog {unknown}
 q - a scroll of enchant weapon {unknown}
 s - a scroll of magic mapping {unknown}
 z - a scroll of enchant armour {unknown}
Potions
 i - a potion of cancellation
 k - 3 potions of degeneration {unknown}
 o - a potion of resistance
 p - a potion of heal wounds {unknown}
 v - 2 potions of magic {unknown}
 w - a potion of lignification {unknown}
Comestibles
 b - 10 rations
 d - 2 chunks of flesh


   Skills:
 - Level 2.0 Dodging
 - Level 2.6 Stealth
 * Level 6.4 Spellcasting
 + Level 4.6 Conjurations
 + Level 5.6 Fire Magic


You had 18 spell levels left.
You knew the following spells:

 Your Spells              Type           Power        Failure   Level  Hunger
a - Foxfire               Conj/Fire      ####         1%          1    None

Your spell library contained the following spells:

 Spells                   Type           Power        Failure   Level  Hunger
 Conjure Flame            Conj/Fire      ####....     3%          3    ##.....
 Inner Flame              Hex/Fire       ###.....     10%         3    ##.....
 Sticky Flame             Conj/Fire      ####....     13%         4    ####...
 Fireball                 Conj/Fire      ####......   34%         5    #####..


Dungeon Overview and Level Annotations

Branches:
Dungeon (5/15)             Temple (1/1) D:4

Altars:
Cheibriados
Dithmenos
Elyvilon
Gozag
Hepliaklqana
Nemelex Xobeh
Okawaru
Ru
Sif Muna
Trog
Uskayaw
Wu Jian
Xom
Yredelemnul
Zin
The Shining One

Annotations:
D:2 1 runed translucent door, Crazy Yiuf
D:5 2 runed translucent doors


Innate Abilities, Weirdness & Mutations

You cannot wear most types of armour.
You are very stealthy in the water. (Stealth+)
You are amphibious.
You can wear up to eight rings at the same time.
You can use your tentacles to constrict eight enemies at once.
Your skin changes colour to match your surroundings (Stealth+).
Your rubbery body absorbs attacks. (AC +1, EV +1)
You possess an exceptional clarity of mind.
You are frail. (-10% HP)
You are weak. (Str -2)


Message History

Casting: Foxfire (safe; 1% risk of failure)
Confirm with . or Enter, or press ? or * to list all spells.
You conjure some foxfire!
The centaur shoots an arrow.
The arrow hits you!
The centaur shoots an arrow.
The arrow hits you!
Casting: Foxfire (safe; 1% risk of failure)
Confirm with . or Enter, or press ? or * to list all spells.
You conjure some foxfire!
The foxfire hits the centaur.
The centaur is lightly wounded.
The centaur shoots an arrow.
The arrow hits you!
* * * LOW HITPOINT WARNING * * *
Unknown command.
It was a potion of cancellation.
You feel magically purged.
The foxfire hits the centaur.
The centaur is moderately wounded.
The foxfire hits the centaur!
The centaur is severely wounded.
The foxfire hits the centaur!
The centaur is almost dead.
The centaur shoots an arrow.
The arrow hits you!
You die...

#... .. ..#### ##. #....
#.##......##### #.. ####....
#..#...)...##..#####. #.#...# ..
#c................... .....##
...##..§#.....####.......
......#..#..#..........###.......
.................§......#........
......##.......#(§##....#........
....#####......#@###....#........
....).#..............#...........
..##[)...........##.##.########'#
..#..........##......###.........
..............#.....##.#.........
............####.......#....#####
............###..#....##....#a.sb
....#.....#...#..##..###....+sass
....##....###.....##..##....#aaab


You could see a centaur.

Vanquished Creatures
  Sigmund (D:4)
  An ice beast (D:5)
  A centaur (D:5)
  Blork the orc (D:4)
  A vampire bat (D:3)
  A howler monkey (D:4)
  A crimson imp (D:4)
  A hound (D:4)
  4 orc priests (D:5)
  A jelly (D:3)
  2 worker ants
  A hound zombie (D:5)
  7 adders
  6 gnolls
  An ooze (D:2)
  2 dart slugs
  3 fire bats (D:3)
  3 leopard geckos (D:4)
  16 orcs
  2 spectral bats (D:3)
  3 bat skeletons (D:3)
  A bat zombie (D:3)
  3 giant cockroaches
  8 hobgoblins
  7 jackals
  9 kobolds
  3 quokkas (D:4)
  18 bats
  A bat simulacrum (D:3)
  2 frilled lizards
  6 goblins
  A quokka zombie (D:5)
  6 rats
124 creatures vanquished.

Vanquished Creatures (others)
  279 foxfires
279 creatures vanquished.

Grand Total: 403 creatures vanquished

Notes
Turn   | Place    | Note
-------+----------+-------------------------------------------
     0 | D:1      | DerDa the Octopode Fire Elementalist began the quest for
                  | the Orb.
     0 | D:1      | Reached XP level 1. HP: 11/11 MP: 3/3
   285 | D:1      | Reached XP level 2. HP: 17/17 MP: 1/5
   769 | D:2      | Reached XP level 3. HP: 21/21 MP: 1/7
   859 | D:2      | Found a runed translucent door.
   860 | D:2      | Noticed Crazy Yiuf
   986 | D:2      | Reached skill level 3 in Spellcasting
  1057 | D:2      | Reached XP level 4. HP: 26/27 MP: 5/8
  1409 | D:3      | Reached XP level 5. HP: 31/31 MP: 8/10
  1603 | D:3      | Found a glowing golden altar of the Shining One.
  1934 | D:3      | HP: 1/31 [gnoll/+0 spear (8)]
  2000 | D:3      | Reached skill level 4 in Spellcasting
  2023 | D:3      | Reached XP level 6. HP: 36/36 MP: 10/12
  2280 | D:4      | Noticed Blork the orc
  2282 | D:4      | Found a snail-covered altar of Cheibriados.
  2294 | D:4      | Killed Blork the orc
  2473 | D:4      | Found a staircase to the Ecumenical Temple.
  2483 | Temple   | Entered the Ecumenical Temple
  2495 | Temple   | Became a worshipper of Sif Muna the Loreminder
  2543 | D:4      | Found a shadowy altar of Dithmenos.
  2543 | D:4      | Found an iron altar of Okawaru.
  2584 | D:4      | Noticed Sigmund
  2606 | D:4      | Gained mutation: You are frail. (-10% HP) [potion of
                  | mutation]
  2606 | D:4      | Gained mutation: You are weak. (Str -2) [potion of
                  | mutation]
  2606 | D:4      | Gained mutation: You possess an exceptional clarity of
                  | mind. [potion of mutation]
  2611 | D:4      | Killed Sigmund
  2611 | D:4      | Reached skill level 5 in Spellcasting
  2611 | D:4      | Reached XP level 7. HP: 16/36 MP: 13/15
  2766 | D:4      | Reached skill level 5 in Fire Magic
  3014 | D:5      | Entered Level 5 of the Dungeon
  3097 | D:5      | Reached * piety under Sif Muna
  3195 | D:5      | Reached skill level 6 in Spellcasting
  3195 | D:5      | Reached XP level 8. HP: 41/41 MP: 8/17
  3526 | D:5      | Found a runed translucent door.
  3572 | D:5      | Found a runed translucent door.
  3619 | D:5      | Shot with an arrow by a centaur

Levels and vault maps discovered:
D:1:      giann_horns, layout_basic
D:2:      layout_basic, uniq_crazy_yiuf_cottage
D:3:      layout_loops_ring, tso_altar, goddamned_bats
D:4:      layout_gridville, kennysheep_slug_shrine,
          gammafunk_temple_overflow_wave, minmay_temple_entry_statues_fountains,
          serial_bayou, serial_bayou_lake_a, serial_bayou_crossing,
          serial_bayou_lagoon_b, serial_bayou_pond_e, serial_bayou_pond_a,
          uniq_blork_the_orc, uniq_sigmund
D:5:      lemuel_insect_pit, layout_cave_pools, first_ration,
          minmay_misc_feat_iff
Temple:   nicolae_temple_no_exploring_needed

Skill      XL: |  1  2  3  4  5  6  7 |
---------------+----------------------+-----
Spellcasting   | 3 4 5 6 |  6.4
Conjurations   | 2 3 4 |  4.6
Fire Magic     | 4 5 |  5.6
Dodging        | |  2.0
Stealth        | |  2.6

Action                   |  1- 3 |  4- 6 |  7- 9 || total
-------------------------+-------+-------+-------++-------
Melee: Whip              |    14 |    27 |       ||    41
       Constrict         |     5 |    22 |     4 ||    31
       Tentacles         |     3 |    15 |     4 ||    22
       Falchion          |       |    46 |    21 ||    67
 Cast: Foxfire           |    36 |    62 |    65 ||   163
  Use: Potion            |       |     4 |     1 ||     5
 Stab: Sleeping          |       |     2 |       ||     2
  Eat: Chunk             |     1 |     4 |     4 ||     9
Armor: Skin              |       |    28 |     3 ||    31
Dodge: Dodged            |    18 |   105 |    26 ||   149
       Rpst.: Falchion   |       |    26 |     4 ||    30

Table legend:
 A = Non-vault XP
 B = Vault XP
 C = Vault XP percentage of total XP
 D = Non-vault monster count
 E = Vault monster count
 F = Vault count percentage of total count
                 A         B        C        D         E       F
            +---------+---------+-------+---------+---------+-------
      Total |    1026 |     525 |  33.8 |     101 |      23 |  18.5
            +---------+---------+-------+---------+---------+-------
        D:1 |      26 |       0 |   0.0 |      16 |       0 |   0.0
        D:2 |      98 |       0 |   0.0 |      19 |       0 |   0.0
        D:3 |     143 |     179 |  55.6 |      24 |      20 |  45.5
        D:4 |     238 |     346 |  59.2 |      18 |       3 |  14.3
        D:5 |     521 |       0 |   0.0 |      24 |       0 |   0.0
            +---------+---------+-------+---------+---------+-------
